 Dungeon Crawl Stone Soup version 0.30-b1-2-g02819fbbbe (webtiles) character file.

Game seed: 17301387461748017586

826540 MisterFreud the Conqueror (level 27, -12/199 HPs)
             Began as a Gargoyle Fighter on May 6, 2023.
             Was the Champion of the Shining One.
             Killed from afar by a starcursed mass (16 damage)
             ... with an accursed screaming
             ... on level 6 of the Abyss on May 7, 2023.
             The game lasted 03:03:04 (70858 turns).

MisterFreud the Conqueror (Gargoyle Fighter)       Turns: 70858, Time: 03:03:05

Health: -12/199    AC: 72    Str: 34    XL:     27
Magic:  3/40       EV:  7    Int: 12    God:    the Shining One [******]
Gold:   3799       SH: 29    Dex: 10    Spells: 26/26 levels left

rFire   + . .        F - +9 sacred scourge (holy)
rCold   + . .        u - +8 tower shield {reflect}
rNeg    + + +        m - +6 crystal plate armour of Entitlement {+Blink Slay+2}
rPois   ∞            (helmet restricted)
rElec   +            O - scarf of Anaesthesia {rC+ rF+, +Blink +Inv rN++ Dex-2}
rCorr   .            k - +0 pair of gloves {Str+3}
SInv    .            Z - +2 pair of boots of the Tick {Will++}
Will    +++++        c - amulet of faith Stlth
                     n - ring "Mohy" {*Corrode rElec rPois Will++ Str+3}
HPRegen 0.00/turn    Y - ring of the Tortoise {AC+8}
MPRegen 0.27/turn

%: corrode self (3%), reflection, faith
@: on fire, flying, inhibited regen, glowing
A: sickness immunity, AC +20, big wings, negative energy resistance 1,
electricity resistance, torment resistance 1, petrification resistance, antennae
1, iridescent scales 1, clumsy 1, deterioration 2, shaggy fur 2, inhibited
regeneration, strong 1
}: 9/15 runes: decaying, serpentine, slimy, silver, demonic, glowing, magical,
fiery, dark
a: Renounce Religion, Evoke Blink, Evoke Invisibility, Divine Shield, Cleansing
Flame, Summon Divine Warrior


You were on level 6 of the Abyss.
You worshipped the Shining One.
The Shining One was exalted by your worship.
You visited 11 branches of the dungeon, and saw 51 of its levels.
You visited Pandemonium 1 time, and saw 14 of its levels.
You visited the Abyss 3 times.
You visited 1 bazaar.
You also visited: Ossuary, Bailey and Desolation.

You collected 9638 gold pieces.
You spent 5839 gold pieces at shops.

Inventory:

Hand Weapons
 o - a +9 eveningstar of flaming
 F - a +9 sacred scourge of holy wrath (weapon)
Missiles
 t - 35 javelins (quivered)
 y - a throwing net
 T - 14 silver javelins
Armour
 k - a +0 pair of gloves of strength (worn)
 m - the +6 crystal plate armour of Entitlement (worn) {+Blink Slay+2}
   (Okawaru gifted it to you on level 2 of the Orcish Mines)

   Slay:      It affects your accuracy & damage with ranged weapons and melee
   (+2).
   +Blink:    It lets you blink.
 u - a +8 tower shield of reflection (worn)
 z - the +5 pair of gloves of Parts Unknown {-Tele rN++}
   (You found it on level 1 of the Elven Halls)

   rN:        It greatly protects you from negative energy.
   -Tele:     It prevents most forms of teleportation.
 B - the +10 tower shield of Ignorance {rN+ Int-4}
   (You found it on level 3 of the Elven Halls)

   Int:       It affects your intelligence (-4).
   rN:        It protects you from negative energy.
 G - a +0 helmet of intelligence
 O - the scarf of Anaesthesia (worn) {rC+ rF+, +Blink +Inv rN++ Dex-2}
   (Okawaru gifted it to you on level 4 of the Snake Pit)

   Dex:       It affects your dexterity (-2).
   rN:        It greatly protects you from negative energy.
   +Inv:      It lets you turn invisible.
   +Blink:    It lets you blink.
 Z - the +2 pair of boots of the Tick (worn) {Will++}
   (Okawaru gifted it to you on level 4 of the Depths)

   Will:      It greatly increases your willpower.
Jewellery
 c - an amulet of faith (around neck)
 e - a +4 ring of protection
 n - the ring "Mohy" (left hand) {*Corrode rElec rPois Will++ Str+3}
   (You took it off a deep elf master archer on level 3 of the Elven Halls)

   [ring of poison resistance]

   Str:       It affects your strength (+3).
   rElec:     It insulates you from electricity.
   rPois:     It protects you from poison.
   *Corrode:  It may corrode you when you take damage.
   Will:      It greatly increases your willpower.
 p - a ring of see invisible
 D - a ring of resist corrosion
 Y - the ring of the Tortoise (right hand) {AC+8}
   (You took it off a vault guard on level 5 of the Vaults)

   [ring of protection]

   AC:        It affects your AC (+8).
Wands
 l - a wand of iceblast (62)
 q - a wand of digging (25)
 r - a wand of polymorph (10)
 v - a wand of quicksilver (53)
 x - a wand of mindburst (63)
 M - a wand of paralysis (64)
Scrolls
 b - 7 scrolls of fear
 s - 9 scrolls of fog
 A - 44 scrolls of identify
 C - 3 scrolls of blinking
 I - 5 scrolls of poison
 J - 28 scrolls of teleportation
 P - 6 scrolls of enchant armour
 Q - 2 scrolls of enchant weapon
 R - 4 scrolls of brand weapon
 U - 3 scrolls of amnesia
 W - 12 scrolls of magic mapping
 X - 6 scrolls of silence
Potions
 d - 17 potions of might
 f - 8 potions of brilliance
 g - 6 potions of ambrosia
 h - 16 potions of heal wounds
 i - 26 potions of curing
 j - 14 potions of haste
 E - 4 potions of mutation
 H - 6 potions of magic
 K - 4 potions of resistance
 L - 7 potions of invisibility
 N - 8 potions of cancellation
 S - 4 potions of berserk rage
Miscellaneous
 a - a phial of floods
 w - a tin of tremorstones (2/2)
 V - a lightning rod (4/4)


   Skills:
 O Level 27 Fighting
 - Level 21.3(22.0) Maces & Flails
 - Level 9.5(16.6) Staves
 + Level 16.1 Throwing
 - Level 22.0 Armour
 - Level 22.0 Shields
 O Level 27 Invocations
 + Level 14.8 Evocations


You had 26 spell levels left.
You didn't know any spells.
Your spell library contained the following spells:

 Spells                   Type           Power      Damage    Failure   Level
 Foxfire                  Conj/Fire      0%         2x1d4     96%         1
 Kiss of Death            Conj/Necr      0%         2d5       96%         1
 Magic Dart               Conj           0%         1d3       96%         1
 Sandblast                Erth           0%         2d4       96%         1
 Shock                    Conj/Air       0%         1d3       96%         1
 Slow                     Hex            0%         N/A       96%         1
 Sting                    Tmut/Pois      0%         1d3       96%         1
 Summon Small Mammal      Summ           0%         N/A       96%         1
 Call Imp                 Summ           0%         N/A       99%         2
 Ensorcelled Hibernation  Hex/Ice        0%         N/A       99%         2
 Passwall                 Tmut/Erth      0%         N/A       99%         2
 Poisonous Vapours        Pois/Air       0%         N/A       99%         2
 Searing Ray              Conj           0%         2d4       99%         2
 Wereblood                Tmut           0%         N/A       99%         2
 Call Canine Familiar     Summ           0%         N/A       100%        3
 Confusing Touch          Hex            0%         N/A       100%        3
 Dazzling Flash           Conj/Hex       0%         N/A       100%        3
 Hailstorm                Conj/Ice       0%         3d3       100%        3
 Mephitic Cloud           Conj/Pois/Air  0%         N/A       100%        3
 Ozocubu's Armour         Ice            0%         N/A       100%        3
 Portal Projectile        Hex/Tloc       0%         N/A       100%        3
 Spider Form              Tmut/Pois      0%         N/A       100%        3
 Summon Guardian Golem    Hex/Summ       0%         N/A       100%        3
 Swiftness                Air            0%         N/A       100%        3
 Teleport Other           Tloc           0%         N/A       100%        3
 Tukima's Dance           Hex            0%         N/A       100%        3
 Vhi's Electric Charge    Tloc/Air       0%         N/A       100%        3
 Volatile Blastmotes      Fire/Tloc      0%         2d10      100%        3
 Airstrike                Air            0%         2d(0-16)  100%        4
 Anguish                  Hex/Necr       0%         N/A       100%        4
 Animate Armour           Summ/Erth      0%         N/A       100%        4
 Animate Dead             Necr           0%         N/A       100%        4
 Cause Fear               Hex            0%         N/A       100%        4
 Dispel Undead            Necr           0%         3d6       100%        4
 Flame Wave               Conj/Fire      0%         2d4       100%        4
 Fulminant Prism          Conj/Hex       0%         3d5       100%        4
 Ice Form                 Ice/Tmut       0%         N/A       100%        4
 Iskenderun's Mystic Bla  Conj/Tloc      0%         2d3       100%        4
 Leda's Liquefaction      Hex/Erth       0%         N/A       100%        4
 Olgreb's Toxic Radiance  Pois           0%         N/A       100%        4
 Passage of Golubria      Tloc           0%         N/A       100%        4
 Petrify                  Tmut/Erth      0%         N/A       100%        4
 Summon Ice Beast         Ice/Summ       0%         N/A       100%        4
 Summon Lightning Spire   Summ/Air       0%         N/A       100%        4
 Alistair's Intoxication  Tmut/Pois      0%         N/A       100%        5
 Arcjolt                  Conj/Air       0%         1d10      100%        5
 Blade Hands              Tmut           0%         N/A       100%        5
 Borgnjor's Vile Clutch   Necr/Erth      0%         N/A       100%        5
 Fireball                 Conj/Fire      0%         3d3       100%        5
 Freezing Cloud           Conj/Ice/Air   0%         6-21      100%        5
 Iskenderun's Battlesphe  Conj           0%         2d6       100%        5
 Metabolic Englaciation   Hex/Ice        0%         N/A       100%        5
 Silence                  Hex/Air        0%         N/A       100%        5
 Conjure Ball Lightning   Conj/Air       0%         3x3d6     100%        6
 Death Channel            Necr           0%         N/A       100%        6
 Eringya's Noxious Bog    Tmut/Pois      0%         N/A       100%        6
 Iron Shot                Conj/Erth      0%         9d1       100%        6
 Plasma Beam              Fire/Air       0%         2x1d11    100%        6
 Simulacrum               Ice/Necr       0%         N/A       100%        6
 Starburst                Conj/Fire      0%         6d3       100%        6
 Dragon Form              Tmut           0%         N/A       100%        7
 Enfeeble                 Hex            0%         N/A       100%        7
 Orb of Destruction       Conj           0%         9d5       100%        7
 Spellforged Servitor     Conj/Summ      0%         N/A       100%        7
 Summon Hydra             Summ           0%         N/A       100%        7
 Discord                  Hex            0%         N/A       100%        8
 Disjunction              Tloc           0%         N/A       100%        8
 Ignition                 Fire           0%         3d3       100%        8
 Lehudib's Crystal Spear  Conj/Erth      0%         10d2      100%        8
 Chain Lightning          Conj/Air       0%         N/A       100%        9
 Dragon's Call            Summ           0%         N/A       100%        9
 Fire Storm               Conj/Fire      0%         5d1       100%        9
 Shatter                  Erth           0%         3d5*      100%        9
 Sublimation of Blood     Necr           Unusable   N/A       N/A         2
 Statue Form              Tmut/Erth      Unusable   N/A       N/A         6

Dungeon Overview and Level Annotations

Branches:
Dungeon (15/15)            Temple (1/1) D:4            Lair (5/5) D:10
  Swamp (4/4) Lair:2        Snake (4/4) Lair:3        Slime (5/5) Lair:4
    Orc (2/2) D:9             Elf (3/3) Orc:2        Vaults (5/5) D:13
  Crypt (3/3) Vaults:3       Tomb (0/3) Crypt:3      Depths (4/4) D:15
    Zot (0/5) Depths:4    Ossuary (visited)          Bailey (visited)
Desolation (visited)

Altars:
Ashenzari
Cheibriados
Dithmenos
Elyvilon
Fedhas
Gozag
Kikubaaqudgha
Makhleb
Nemelex Xobeh
Okawaru
Qazlal
Ru
Sif Muna
Trog
Uskayaw
Vehumet
Wu Jian
Xom
Yredelemnul
Zin
The Shining One
Jiyva

Shops:
D:1 ?![!!   D:8 !   D:10 ?   Orc:1 (([*!(   Orc:2 =!=*[   Elf:3 *:?(!
Snake:2 ==   Snake:4 !   Vaults:3 (

Portals:
Hell: Depths:1 Depths:2 Depths:3 Depths:4
Abyss: Depths:2 Depths:3
Pandemonium: Orc:2 Depths:2
Ziggurat: Depths:1

Annotations:
Lair:2 3 runed translucent doors, PanSaczeczos's ghost, journeyman BaNe
Swamp:1 2 transporters, xzight's ghost, adept MiBe
Vaults:3 3 runed translucent doors, Zuaro's ghost, veteran BaHu
Crypt:2 2 runed translucent doors, Woadakig's ghost, veteran FoFi
Depths:4 2 transporters, Janeylunn's ghost, veteran GnWn


Innate Abilities, Weirdness & Mutations

You are immune to sickness and miasma.
Your stone body is resilient. (AC +20)
You are immune to poison.
Your large and strong wings let you fly.
You resist negative energy. (rN+)
You are resistant to electric shocks. (rElec)
You are resistant to unholy torment.
You are immune to petrification.
You have a pair of small antennae on your head.
You are partially covered in iridescent scales. (AC +2)
You are clumsy. (Dex -2)
Your body often deteriorates upon taking damage.
You are covered in thick fur. (AC +2)
You do not regenerate when monsters are visible.
Your muscles are strong. (Str +4, Int/Dex -1)


Message History

Some rock shatters into small pieces.
The daeva calls down the wrath of the Shining One upon you.
The Shining One smites you!
* * * LOW HITPOINT WARNING * * *
Unknown command.
Unknown command.
Unknown command.
Unknown command.
Unknown command.
Unknown command.
Unknown command.
Unknown command.
Unknown command.
Unknown command.
You feel much better. You block the hell hog's attack.
Tentacles burst from the starspawn's body!
The smoke demon gestures at you. Something smites you!
* * * LOW HITPOINT WARNING * * *
A cacophony of accursed wailing tears at your sanity!
* * * LOW HITPOINT WARNING * * *
You shrug off the repeated paralysis!
You block the starcursed mass's attack. The smoke demon gestures at you.
The sticky flame hits you but does no damage.
You are covered in liquid flames!
The large abomination hits you but does no damage.
The sixfirhy hits you but does no damage.
You block the daeva's attack. x2 2 starspawn tentacles come into view.
Blink to where?
Press: ? - help, Dir - move target An endoplasm, a thrashing horror and a ynoxinul come into view.
Found two portals.
As you read the scroll of blinking, it crumbles to dust.
You are covered in liquid flames!
* * * LOW HITPOINT WARNING * * *
The endoplasm quivers.
The thrashing horror roars!
The ynoxinul bellows!
A cacophony of accursed wailing tears at your sanity!
You die...

._ ... # #.# ## §
###.. .#... ###.#x
....###.. .#.#...
X......# .....#
##......# #....
#.#.....#X#3A##
#.....)2Xu3.X#
#..@...XXXhXX.#. .
3~...~~~...XXXRX......
~~~.~~≈~~...5X.2......
.>~.~≈.~3....Xhh......
..~.~...~.......h..X.w
..~.~..4~..##..#..##wX
..~∩~...~.#####.... w.
..~.~J..~.. ..# §. ...


You could see 9 starcursed masses, a purple very ugly thing, a cacodemon, a
rakshasa, a hell hog, an orange demon, a thrashing horror, a large abomination,
a sixfirhy, 2 smoke demons, a raiju, a ynoxinul, a crimson imp and an endoplasm.

Vanquished Creatures
  Cerebov (Pan)
  5 pandemonium lords (Pan)
  the Royal Jelly (Slime:5)
  Gloorx Vloq (Pan)
  Mnoleg (Pan)
  Lom Lobon (Pan)
  3 dread liches
  Mara (Snake:4)
  4 ancient liches
  Mennas (Pan)
  Josephina (Crypt:3)
  A curse toe (Crypt:3)
  8 caustic shrikes
  7 golden dragons
  2 Brimstone Fiends (Pan)
  2 bone dragons
  7 Tzitzimimeh (Pan)
  A hellephant (Pan)
  Zenata (Arena)
  5 Hell Sentinels (Pan)
  7 tentacled monstrosities
  9 deep elf blademasters
  14 acid blobs
  21 titans
  A walking frostbound tome (Depths:4)
  7 liches
  8 deep elf master archers
  5 quicksilver dragons
  37 Executioners
  5 sphinxes
  7 tentacled starspawn
  6 ancient champions
  12 tengu reavers
  Frances (Swamp:1)
  6 storm dragons
  Donald (Snake:2)
  A daeva (Abyss:6)
  A fenstrider witch (Swamp:2)
  3 nagarajas (Snake:4)
  5 shadow dragons
  3 thorn hunters (Swamp:4)
  13 azure jellies
  7 rockslimes
  18 frost giants
  5 revenants
  20 fire giants
  7 demonspawn warmongers (Pan)
  A draconian knight (Depths:4)
  17 vault wardens
  2 iron dragons
  18 deep elf sorcerers
  26 balrugs
  5 curse skulls
  A draconian shifter (Depths:4)
  2 imperial myrmidons (Desolation)
  A ghost moth (Abyss:6)
  2 angels
  2 orc warlords
  Louise (D:14)
  4 deep elf elementalists (Elf:3)
  9 demonspawn corrupters (Pan)
  24 stone giants
  4 ghouls
  5 spriggan defenders
  36 cacodemons
  2 draconian annihilators (Pan)
  20 ironbound preservers
  7 demonspawn blood saints (Pan)
  3 war gargoyles (Vaults:5)
  10 reapers
  29 very ugly things
  A caustic shrike skeleton (Pan)
  14 quicksilver oozes
  3 eleionomae
  A juggernaut skeleton (Crypt:3)
  4 lorocyprocas (Pan)
  A green draconian (Pan)
  4 ironbound thunderhulks
  2 purple draconians
  8 demonspawn black suns (Pan)
  A halazid warlock (Desolation)
  3 dire elephants (Vaults:4)
  3 deep elf demonologists (Elf:3)
  5 spark wasps
  4 black draconians (Depths:4)
  7 deep elf annihilators
  5 bunyips
  3 yellow draconians (Depths:4)
  3 eidola
  An acid blob zombie (Crypt:3)
  Azrael (D:12)
  Snorg (D:13)
  A white draconian (Pan)
  2 merfolk impalers (Depths:4)
  3 crystal guardians
  13 blizzard demons (Pan)
  6 deep elf death magi
  8 green deaths (Pan)
  8 deep elf high priests
  4 ragged hierophants (Desolation)
  8 jiangshi
  15 fire dragons
  15 ettins
  3 salamander tyrants
  10 yaktaur captains
  5 servants of whispers (Desolation)
  27 vault guards
  3 spriggan zombies
  A great orb of eyes (shapeshifter) (Vaults:5)
  19 great orbs of eyes
  A catoblepas (Lair:5)
  8 ice dragons
  25 hydras
  5 hell beasts
  7 ogre magi
  A ghost crab (Swamp:2)
  6 rakshasas
  14 ironbound frosthearts
  4 peacekeepers (Desolation)
  3 demonspawn (Orc:2)
  4 spriggan air magi
  11 anacondas
  13 centaur warriors
  2 fenstrider witch skeletons
  14 two-headed ogres
  A death knight (Vaults:3)
  5 vampire magi
  2 deep troll shamans
  14 naga warriors
  3 boulder beetles
  4 alligators
  4 deep troll earth magi
  3 hell hogs (Abyss:6)
  2 tengu warriors
  6 orc high priests
  A titan zombie (Crypt:1)
  12 naga sharpshooters
  30 dancing weapons
  18 thrashing horrors
  16 spriggans
  4 spriggan berserkers
  69 sun demons
  7 death yaks
  6 shock serpents
  26 soul eaters
  20 deep elf knights
  8 hell knights
  A skyshark (Lair:3)
  15 skeletal warriors
  3 titan skeletons (Pan)
  10 wretched stars
  2 salamander mystics
  A spatial maelstrom (Abyss:6)
  Amaemon (D:8)
  5 goliath frogs
  35 sixfirhies (Pan)
  9 shadow wraiths
  60 deep trolls
  6 glowing orange brains
  3 iron trolls (Depths:1)
  A spark wasp zombie (Depths:1)
  A deep troll (shapeshifter) (Depths:3)
  6 shadow demons (Pan)
  11 naga ritualists
  4 spriggan druids
  3 flayed ghosts
  10 bog bodies
  18 ironbound convokers
  11 swamp dragons
  A bunyip skeleton (Pan)
  8 lindwurms
  2 bunyip zombies (Crypt:2)
  2 spriggan simulacra (Crypt:3)
  9 phantasmal warriors
  14 deep elf archers
  69 large abominations
  3 harpies
  33 deep elf pyromancers
  A steelbarb worm (shapeshifter) (Depths:3)
  10 necromancers
  22 deep elf zephyrmancers
  A golden dragon skeleton (Crypt:3)
  An anaconda skeleton (Pan)
  A harpy (shapeshifter) (Vaults:5)
  6 shining eyes
  An oklob plant (D:15)
  A sphinx zombie (Crypt:3)
  A frost giant zombie (Depths:1)
  12 wizards
  12 orc sorcerers
  9 orc knights
  2 will-o-the-wisps (Swamp:4)
  A manticore (shapeshifter) (Vaults:4)
  10 manticores
  4 stone giant zombies
  12 mana vipers
  2 cyclopes
  2 worldbinders (Abyss:6)
  41 ugly things
  8 elephants (Lair:4)
  11 salamanders
  A sphinx skeleton (Depths:1)
  A stone giant skeleton (Crypt:3)
  An apocalypse crab (Abyss:5)
  2 elephants (shapeshifter)
  A salamander (shapeshifter) (Elf:3)
  11 guardian serpents
  12 vault sentinels
  14 naga magi
  A rust devil (Pan)
  39 black mambas
  12 demonic crawlers
  A black mamba (shapeshifter) (D:15)
  Maurice (D:9)
  66 slime creatures
  23 smoke demons
  2 centaur skeletons
  2 gargoyles (D:14)
  7 eyes of devastation
  A molten gargoyle (Desolation)
  38 orange demons
  A storm dragon simulacrum (Crypt:1)
  A shock serpent skeleton (Crypt:2)
  2 minotaur zombies
  11 cane toads
  19 hellions (Pan)
  8 rime drakes
  An anaconda simulacrum (Crypt:3)
  A spark wasp simulacrum (Depths:2)
  11 efreet
  A dire elephant skeleton (Crypt:2)
  2 ice devils
  35 yaktaurs
  2 red devils (Pan)
  5 freezing wraiths
  3 unseen horrors
  An alligator snapping turtle skeleton (Pan)
  7 spriggan skeletons
  2 tormentors (Pan)
  6 kobold demonologists
  8 komodo dragons
  2 tengu conjurers
  A queen bee (shapeshifter) (D:13)
  A steelbarb worm zombie (Crypt:1)
  6 ancient zymes
  A meliai (shapeshifter) (D:14)
  19 hellwings
  A shadow dragon simulacrum (Crypt:3)
  A tengu simulacrum (Depths:2)
  13 trolls
  3 meliai (D:15)
  2 bloated husks (Swamp:1)
  A wolf spider simulacrum (D:15)
  10 wind drakes (Pan)
  Grinder (D:5)
  7 tyrant leeches
  16 raiju
  A fire giant simulacrum (Depths:1)
  35 saltlings (Desolation)
  A harpy skeleton (Crypt:3)
  9 polar bears (Lair:5)
  10 hornets
  A raiju (shapeshifter) (D:13)
  Prince Ribbit (D:9)
  14 blink frogs
  6 flying skulls (Abyss:5)
  2 vampires
  A naga simulacrum (Crypt:3)
  3 shadows
  7 wyverns
  18 water elementals
  5 air elementals
  An ettin skeleton (Pan)
  67 yaks
  6 wraiths
  5 basilisks
  31 ynoxinuls
  Eustachio (D:4)
  16 starcursed masses (Abyss:6)
  4 fire bats (Pan)
  10 golden eyes
  6 fire elementals
  15 chaos spawn (Pan)
  5 steam dragons
  11 vampire mosquitoes
  A redback (shapeshifter) (Vaults:5)
  26 neqoxecs
  9 wargs
  41 nagas
  14 swamp worms
  Edmund (D:4)
  2 tengu zombies (D:15)
  2 acid dragons
  8 water moccasins
  4 naga skeletons
  4 floating eyes
  20 hell hounds
  A water nymph skeleton (Crypt:2)
  A cane toad zombie (Crypt:2)
  6 small abominations
  47 orc warriors
  A snapping turtle zombie (Crypt:2)
  2 ice beasts (D:6)
  3 sky beasts
  10 swamp drakes
  A blink frog zombie (Crypt:2)
  12 ogres
  13 black bears
  32 wolves
  A hog zombie (Crypt:1)
  15 centaurs
  2 phantoms (D:6)
  Blork the orc (D:5)
  8 kobold brigands
  An earth elemental (Elf:3)
  3 gnoll sergeants
  A draconian skeleton (Crypt:1)
  3 necrophages
  15 bullfrogs
  5 scorpions
  2 water moccasin zombies (Ossuary)
  An elf skeleton (D:7)
  21 wights
  11 killer bees
  A troll zombie (Crypt:1)
  2 electric eels (Bailey)
  7 howler monkeys
  A yak skeleton (Crypt:3)
  3 crimson imps (Abyss:6)
  Crazy Yiuf (D:4)
  6 hounds
  2 sleepcaps
  26 orc priests
  A gnoll bouda (D:4)
  3 human skeletons (D:7)
  10 iguanas
  21 orc wizards
  A deep dwarf skeleton (Crypt:1)
  2 mummies (Ossuary)
  10 adders
  24 gnolls
  3 shadow imps
  3 white imps (Abyss:6)
  An ufetubus (D:5)
  6 adder zombies (Ossuary)
  A lava snake zombie (Crypt:1)
  5 dart slugs
  92 orcs
  6 ball pythons
  A bat zombie (Crypt:3)
  4 endoplasms
  2 giant cockroaches
  A gnoll zombie (Ossuary)
  18 hobgoblins
  A quokka (D:2)
  8 bats
  4 frilled lizards
  13 goblins
  A hobgoblin skeleton (Crypt:1)
  A hobgoblin zombie (Ossuary)
  31 kobolds
  7 kobold zombies (Ossuary)
  An orc skeleton (D:7)
  9 orc zombies
  6 rats
  A fire vortex (Pan)
  2 lurking horrors (Abyss:6)
  5 starspawn tentacles
3093 creatures vanquished.

Vanquished Creatures (collateral kills)
  A Brimstone Fiend (Pan)
  A titan (Pan)
  An acid blob (Abyss:6)
  A pandemonium lord (Pan)
  A storm dragon (Pan)
  A demonspawn warmonger (Pan)
  A reaper (Pan)
  A demonspawn blood saint (Pan)
  A deep elf annihilator (Pan)
  3 blizzard demons (Pan)
  A rakshasa (Pan)
  A sun demon (Pan)
  2 wizards (Pan)
  A large abomination (Abyss:6)
  A glowing orange brain (Pan)
  3 smoke demons (Pan)
  A demonic crawler (Pan)
  An orange demon (Pan)
  An efreet (Pan)
  4 hellwings (Pan)
  3 wind drakes (Pan)
  A neqoxec (Pan)
32 creatures vanquished.

Vanquished Creatures (others)
  Nikola (Elf:1)
  An eldritch tentacle (Pan)
  A frost giant (Crypt:3)
  A reaper (Pan)
  Nessos (D:14)
  A deep elf annihilator (Pan)
  A fire dragon (Depths:3)
  A spriggan air mage (Pan)
  A goliath frog (Swamp:1)
  A glowing orange brain (Pan)
  4 deep elf pyromancers
  3 wizards
  A deep elf zephyrmancer (Pan)
  A salamander (Snake:2)
  An ugly thing (Depths:2)
  2 smoke demons (Pan)
  A bloated husk (Swamp:1)
  A hellwing (Pan)
  3 wind drakes (Pan)
  A ynoxinul (Pan)
  A spriggan (Swamp:1)
  A large abomination (Pan)
  A chaos spawn (Pan)
  A neqoxec (Pan)
  An ogre (Vaults:5)
  A white imp (Abyss:6)
  7 ball lightnings (Pan)
  10 foxfires (Swamp:4)
  15 fungi
  65 plants
  14 starspawn tentacles
  A withered plant (D:15)
146 creatures vanquished.

Grand Total: 3271 creatures vanquished

Notes
Turn   | Place    | Note
-------+----------+-------------------------------------------
     0 | D:1      | MisterFreud the Gargoyle Fighter began the quest for the
                  | Orb.
     0 | D:1      | Reached XP level 1. HP: 14/14 MP: 1/1
    97 | D:1      | Reached XP level 2. HP: 16/19 MP: 2/2
   283 | D:1      | Reached XP level 3. HP: 23/23 MP: 3/3
   305 | D:1      | Found Uczookk's Distillery.
   372 | D:1      | Found Dotiu's Antique Armour Boutique.
   441 | D:1      | Bought a potion of curing for 30 gold pieces
   541 | D:1      | Found Qeczomau's Distillery.
   555 | D:1      | Bought a potion of lignification for 30 gold pieces
   717 | D:1      | Found Ecumemel's Distillery.
   718 | D:1      | Found Dexuem's Magic Scroll Emporium.
  1026 | D:2      | Found a glowing silver altar of Zin.
  1165 | D:2      | Reached XP level 4. HP: 24/28 MP: 4/4
  1603 | D:3      | Found a faded altar of an unknown god.
  1606 | D:3      | Identified the +9 quarterstaff of the Exiled Beds {drain,
                  | +Blink SInv}
  1749 | D:3      | Found an ornate altar of the Wu Jian Council.
  1789 | D:3      | Reached skill level 1 in Staves
  1796 | D:3      | Reached XP level 5. HP: 24/32 MP: 5/5
  2306 | D:4      | Noticed an ogre
  2310 | D:4      | Killed an ogre
  2321 | D:4      | Reached XP level 6. HP: 17/37 MP: 6/6
  2332 | D:4      | Reached skill level 5 in Armour
  2346 | D:4      | Reached XP level 7. HP: 22/41 MP: 7/7
  2427 | D:4      | Found a radiant altar of Vehumet.
  2486 | D:4      | Noticed Eustachio
  2496 | D:4      | Killed Eustachio
  2497 | D:4      | Reached skill level 5 in Staves
  2659 | D:4      | Noticed Edmund
  2665 | D:4      | Killed Edmund
  2689 | D:4      | Found a staircase to the Ecumenical Temple.
  2806 | D:4      | Found a glowing golden altar of the Shining One.
  2852 | D:4      | Found a runed translucent door.
  2853 | D:4      | Noticed Crazy Yiuf
  2880 | D:4      | Found a glowing silver altar of Zin.
  2919 | D:4      | Killed Crazy Yiuf
  2954 | D:5      | Entered Level 5 of the Dungeon
  2985 | D:5      | Noticed Grinder
  2991 | D:5      | Reached XP level 8. HP: 46/46 MP: 8/8
  3010 | D:5      | Killed Grinder
  3576 | D:5      | Noticed Blork the orc
  3580 | D:5      | Killed Blork the orc
  3950 | Temple   | Entered the Ecumenical Temple
  3964 | Temple   | Became a worshipper of Warmaster Okawaru
  4026 | D:6      | Reached skill level 5 in Fighting
  4026 | D:6      | Reached XP level 9. HP: 54/54 MP: 9/9
  4057 | D:6      | Found a burning altar of Makhleb.
  4310 | D:6      | Noticed a troll
  4316 | D:6      | Killed a troll
  4326 | D:6      | Noticed a purple ugly thing
  4327 | D:6      | Reached skill level 1 in Invocations
  4338 | D:6      | Killed a purple ugly thing
  4338 | D:6      | Reached * piety under Okawaru
  4380 | D:6      | Noticed a cyclops
  4386 | D:6      | Killed a cyclops
  4387 | D:6      | Reached skill level 5 in Invocations
  4405 | D:6      | Reached ** piety under Okawaru
  4406 | D:6      | Reached XP level 10. HP: 54/61 MP: 14/14
  4639 | D:6      | Found the +18 Lear's hauberk
  4718 | D:6      | Reached skill level 1 in Throwing
  4960 | D:7      | Found a sand-covered staircase.
  4972 | Ossuary  | Entered an ossuary
  5056 | Ossuary  | Reached *** piety under Okawaru
  5219 | D:7      | Found a flagged portal.
  5227 | Bailey   | Entered a bailey
  5264 | Bailey   | Noticed an orc knight
  5280 | Bailey   | Killed an orc knight
  5296 | Bailey   | Reached skill level 5 in Throwing
  5314 | Bailey   | Noticed an orc knight
  5334 | Bailey   | Killed an orc knight
  5628 | Bailey   | Reached **** piety under Okawaru
  5629 | Bailey   | Reached XP level 11. HP: 45/69 MP: 15/15
  5890 | Bailey   | Found an iron altar of Okawaru.
  5890 | Bailey   | Noticed an orc high priest
  5890 | Bailey   | Noticed an orc high priest
  5893 | Bailey   | Noticed a sixfirhy
  5912 | Bailey   | Killed an orc high priest
  5917 | Bailey   | Killed an orc high priest
  5973 | D:7      | Acquired a +1 demon whip of freezing
  5975 | D:7      | Acquired the staff of earth "Apuherebb" {rElec rPois rN+
                  | Str-3}
  5977 | D:7      | Acquired a manual of Fighting
  6506 | D:7      | Found a white marble altar of Elyvilon.
  6852 | D:8      | Received a gift from Okawaru
  6873 | D:8      | Reached skill level 10 in Fighting
  7029 | D:8      | Received a gift from Okawaru
  7039 | D:8      | Noticed an ogre mage
  7045 | D:8      | Paralysed by an ogre mage for 5 turns
  7052 | D:8      | Killed an ogre mage
  7052 | D:8      | Reached ***** piety under Okawaru
  7070 | D:8      | Received a gift from Okawaru
  7195 | D:8      | Noticed a red ugly thing
  7198 | D:8      | Killed a red ugly thing
  7465 | D:8      | Found Roepin's Distillery.
  7469 | D:8      | Bought a potion of haste for 120 gold pieces
  7469 | D:8      | Bought a potion of berserk rage for 60 gold pieces
  7474 | D:8      | Noticed Amaemon
  7487 | D:8      | Killed Amaemon
  7488 | D:8      | Reached skill level 10 in Armour
  7495 | D:8      | Reached XP level 12. HP: 59/82 MP: 15/17
  8074 | D:9      | Received a gift from Okawaru
  8171 | D:9      | Noticed Prince Ribbit
  8186 | D:9      | Killed Prince Ribbit
  8622 | D:9      | Noticed Maurice
  8636 | D:9      | Killed Maurice
  8809 | D:9      | Found a sparkling altar of Nemelex Xobeh.
  8836 | D:9      | Received a gift from Okawaru
  8919 | D:9      | Found a staircase to the Orcish Mines.
  9084 | D:10     | Entered Level 10 of the Dungeon
  9099 | D:10     | Reached skill level 15 in Fighting
  9207 | D:10     | Found a staircase to the Lair.
  9351 | D:10     | Found Wazisu's Magic Scroll Shoppe.
  9359 | D:10     | Bought a scroll of teleportation for 45 gold pieces
  9359 | D:10     | Bought a scroll of brand weapon for 142 gold pieces
  9359 | D:10     | Bought a scroll of poison for 60 gold pieces
  9426 | D:10     | Noticed a soul eater
  9429 | D:10     | Identified the +1 dire flail "Fuafy" {flame, rC- Int+2
                  | SInv} (Okawaru gifted it to you on level 10 of the Dungeon)
  9429 | D:10     | Received a gift from Okawaru
  9447 | D:10     | Reached skill level 10 in Invocations
  9457 | D:10     | Reached skill level 1 in Evocations
  9866 | D:10     | Found a large runed translucent door.
  9867 | D:10     | Found a large runed translucent door.
 10251 | D:10     | Found a broken altar of Ashenzari.
 10261 | D:10     | Found a stormy altar of Qazlal.
 10349 | Lair:1   | Entered Level 1 of the Lair of Beasts
 10419 | Lair:1   | Found a white marble altar of Elyvilon.
 10632 | Lair:1   | You fall into a shaft and drop 1 floor!
 10632 | Lair:2   | Noticed a minotaur
 10634 | Lair:2   | Noticed PanSaczeczos's ghost (journeyman BaNe)
 10648 | Lair:2   | Found a runed translucent gate.
 10648 | Lair:2   | Found a runed translucent gate.
 10648 | Lair:2   | Found a runed translucent gate.
 10993 | Lair:1   | Reached skill level 5 in Evocations
 11042 | Lair:1   | Identified the ring of the Okapi {rF+ Will+ Dex+5}
 11574 | Lair:2   | Found a staircase to the Swamp.
 11599 | Lair:2   | Reached XP level 13. HP: 76/92 MP: 20/20
 11958 | Lair:2   | Identified the +0 ring mail of the Morning {+Blink rF+}
                  | (Okawaru gifted it to you on level 2 of the Lair of Beasts)
 11958 | Lair:2   | Received a gift from Okawaru
 13473 | Lair:3   | Found a staircase to the Snake Pit.
 13517 | Lair:3   | Identified the +7 morningstar of the Kissing Badger {vamp,
                  | Fragile rF+ Dex+4}
 13525 | Lair:3   | Received a gift from Okawaru
 13530 | Lair:3   | Reached skill level 10 in Evocations
 14096 | Lair:3   | Reached skill level 5 in Maces & Flails
 14257 | Lair:3   | HP: 4/92 [komodo dragon (6)]
 14513 | Lair:4   | Identified the +1 pair of boots "Lyghiogia" {-Cast rElec
                  | Will+ Dex+5} (Okawaru gifted it to you on level 4 of the
                  | Lair of Beasts)
 14513 | Lair:4   | Received a gift from Okawaru
 14723 | Lair:4   | Found a staircase to the Slime Pits.
 14725 | Lair:4   | Found a viscous altar of Jiyva.
 14770 | Lair:4   | Gained mutation: Your large and strong wings let you fly.
                  | [Gargoyle growth]
 14770 | Lair:4   | Reached XP level 14. HP: 87/98 MP: 21/21
 15726 | Lair:5   | Entered Level 5 of the Lair of Beasts
 16265 | Lair:5   | Reached skill level 10 in Maces & Flails
 17163 | Lair:5   | Identified the +0 pair of boots of the Sky {rC- Str+3
                  | Int+2} (Okawaru gifted it to you on level 5 of the Lair of
                  | Beasts)
 17163 | Lair:5   | Received a gift from Okawaru
 18612 | D:11     | Reached skill level 5 in Shields
 18684 | D:11     | Identified the +5 rapier "Spiderbane" {flame, rElec rPois}
 18741 | D:11     | Reached XP level 15. HP: 103/103 MP: 22/22
 19022 | D:11     | Found a flickering gateway to a bazaar.
 19099 | Bazaar   | Entered a bazaar
 19101 | Bazaar   | Found Miarhov's Antique Armour Boutique.
 19105 | Bazaar   | Found Hirosch's Book Boutique.
 19105 | Bazaar   | Found Ippunk's General Store.
 19105 | Bazaar   | Found Qocosu's General Store.
 19121 | Bazaar   | Bought a scroll of enchant weapon for 67 gold pieces
 19121 | Bazaar   | Bought a scroll of teleportation for 27 gold pieces
 19142 | Bazaar   | Bought the +3 kite shield "Xeijedd" {Harm rCorr} for 288
                  | gold pieces
 19142 | Bazaar   | Bought a tin of tremorstones (2/2) for 360 gold pieces
 19634 | D:12     | Received a gift from Okawaru
 19822 | D:12     | Noticed Azrael
 19838 | D:12     | Killed Azrael
 20246 | D:13     | Found a gate to the Vaults.
 20665 | D:13     | Received a gift from Okawaru
 20686 | D:13     | Noticed Snorg
 20704 | D:13     | Killed Snorg
 21135 | D:14     | Noticed Louise
 21152 | D:14     | Killed Louise
 21153 | D:14     | Reached skill level 10 in Shields
 21167 | D:14     | Received a gift from Okawaru
 21214 | D:14     | Noticed Nessos
 21219 | D:14     | Killed Nessos
 21586 | D:14     | Reached ****** piety under Okawaru
 21779 | D:14     | Identified the +3 crystal plate armour of the Nexus {Dex+2}
                  | (Okawaru gifted it to you on level 14 of the Dungeon)
 21779 | D:14     | Received a gift from Okawaru
 22001 | D:15     | Entered Level 15 of the Dungeon
 22193 | D:15     | Found a staircase to the Depths.
 22487 | D:15     | Reached XP level 16. HP: 112/112 MP: 23/23
 22591 | D:15     | Found a blossoming altar of Fedhas.
 22954 | Orc:1    | Entered Level 1 of the Orcish Mines
 22954 | Orc:1    | Found Taroempkuir's Tempting Trifles.
 23077 | Orc:1    | Found Atsisecu's Distillery.
 23091 | Orc:1    | Found Liadai Sela's Antique Weapon Emporium.
 23386 | Orc:1    | Found Qyuh's Antique Armour Shoppe.
 23463 | Orc:1    | Received a gift from Okawaru
 23535 | Orc:1    | Found Siregh's Weapon Emporium.
 23539 | Orc:1    | Found Gapa's Weapon Boutique.
 23707 | Orc:2    | Entered Level 2 of the Orcish Mines
 23856 | Orc:2    | Found Pulexto's Jewellery Boutique.
 23963 | Orc:2    | Found Tepup's Distillery.
 23964 | Orc:2    | Found Xuceil's General Store.
 23982 | Orc:2    | Received a gift from Okawaru
 24069 | Orc:2    | Bought a potion of heal wounds for 75 gold pieces
 24071 | Orc:2    | Bought a scroll of fear for 48 gold pieces
 24071 | Orc:2    | Bought a potion of might for 48 gold pieces
 24071 | Orc:2    | Bought a potion of heal wounds for 60 gold pieces
 24172 | Orc:2    | Identified the +6 crystal plate armour of Entitlement
                  | {+Blink Slay+2} (Okawaru gifted it to you on level 2 of the
                  | Orcish Mines)
 24172 | Orc:2    | Received a gift from Okawaru
 24402 | Orc:2    | Found Zyongis's Antique Armour Shoppe.
 24402 | Orc:2    | Found Pethreepp's Jewellery Emporium.
 24402 | Orc:2    | Found a one-way gate leading to the halls of Pandemonium.
 24411 | Orc:2    | Bought a pair of embroidered gloves for 195 gold pieces
 24683 | Orc:2    | Found a staircase to the Elven Halls.
 25106 | Snake:1  | Entered Level 1 of the Snake Pit
 25840 | Snake:2  | Reached XP level 17. HP: 108/122 MP: 24/24
 25993 | Snake:2  | Received a gift from Okawaru
 26296 | Snake:2  | Found Cuutwing's Jewellery Emporium.
 26315 | Snake:2  | Identified the +8 plate armour "Tatydoih" {Drain rF+ MP+9
                  | Stlth+} (Okawaru gifted it to you on level 2 of the Snake
                  | Pit)
 26315 | Snake:2  | Received a gift from Okawaru
 26323 | Snake:2  | Found Kiyxuits's Jewellery Shoppe.
 26431 | Snake:2  | Noticed Donald
 26445 | Snake:2  | Killed Donald
 26950 | Snake:3  | Reached skill level 15 in Armour
 27571 | Snake:3  | Identified the ring of Yesterday {MP+9 Dex+3}
 27608 | Snake:3  | Received a gift from Okawaru
 27930 | Snake:4  | Entered Level 4 of the Snake Pit
 28386 | Snake:4  | Noticed Mara
 28389 | Snake:4  | Noticed MisterFreud's illusion
 28408 | Snake:4  | Killed Mara
 28409 | Snake:4  | Reached XP level 18. HP: 82/129 MP: 18/25
 28904 | Snake:4  | Noticed a quicksilver dragon
 28907 | Snake:4  | Noticed a quicksilver dragon
 28921 | Snake:4  | Killed a quicksilver dragon
 28937 | Snake:4  | Killed a quicksilver dragon
 28978 | Snake:4  | Got a serpentine rune of Zot
 29104 | Snake:4  | Found Haofant's Distillery.
 29108 | Snake:4  | Bought a potion of heal wounds for 50 gold pieces
 29191 | Snake:4  | Identified the scarf of Anaesthesia {rC+ rF+, +Blink +Inv
                  | rN++ Dex-2} (Okawaru gifted it to you on level 4 of the
                  | Snake Pit)
 29191 | Snake:4  | Received a gift from Okawaru
 29422 | Swamp:1  | Entered Level 1 of the Swamp
 29548 | Swamp:1  | Identified the +0 robe of the Louse {Drain rPois rF+ Dex+2}
 29595 | Swamp:1  | Found a transporter.
 29606 | Swamp:1  | Noticed xzight's ghost (adept MiBe)
 29609 | Swamp:1  | Found a transporter.
 29610 | Swamp:1  | Found a bloodstained altar of Trog.
 29647 | Swamp:1  | Noticed Frances
 29681 | Swamp:1  | Killed Frances
 31120 | Swamp:3  | Received a gift from Okawaru
 31321 | Swamp:4  | Entered Level 4 of the Swamp
 31402 | Swamp:4  | Reached XP level 19. HP: 135/135 MP: 26/26
 31553 | Swamp:4  | Received a gift from Okawaru
 31569 | Swamp:4  | Got a decaying rune of Zot
 32174 | Depths:1 | Entered Level 1 of the Depths
 33073 | D:1      | Bought a shiny helmet for 195 gold pieces
 33337 | Elf:1    | Entered Level 1 of the Elven Halls
 33420 | Orc:2    | Bought the amulet of Vitality {RegenMP++ Regen++} for 1100
                  | gold pieces
 33420 | Orc:2    | Found the amulet of Vitality {RegenMP++ Regen++}
 33801 | Elf:1    | Identified the +5 pair of gloves of Parts Unknown {-Tele
                  | rN++}
 33801 | Elf:1    | Noticed Nikola
 33815 | Elf:1    | Killed Nikola
 34601 | Elf:2    | Paralysed by an air elemental for 1 turns
 34911 | Elf:2    | Found a runed translucent gate.
 34911 | Elf:2    | Found a runed translucent gate.
 34912 | Elf:2    | Found a runed translucent gate.
 34916 | Elf:2    | Reached skill level 15 in Maces & Flails
 35224 | Elf:2    | Identified the +0 hat "Poozeiwn" {rC+ Dex+2 SInv} (Okawaru
                  | gifted it to you on level 2 of the Elven Halls)
 35224 | Elf:2    | Received a gift from Okawaru
 35389 | Elf:3    | Entered Level 3 of the Elven Halls
 35540 | Elf:3    | Reached XP level 20. HP: 92/140 MP: 27/27
 35771 | Elf:3    | Reached skill level 15 in Shields
 35864 | Elf:3    | Paralysed by an air elemental for 1 turns
 35952 | Elf:3    | Found Bosuogar's Magic Scroll Emporium.
 35956 | Elf:3    | Bought a scroll of blinking for 105 gold pieces
 35956 | Elf:3    | Bought a scroll of brand weapon for 133 gold pieces
 36072 | Elf:3    | Found Ibrynkig's Distillery.
 36113 | Elf:3    | Bought a potion of heal wounds for 55 gold pieces
 36138 | Elf:3    | Found Muickit's Weapon Boutique.
 36187 | Elf:3    | Identified the +9 great sword of Plague {freeze, rC+ rN+}
 36197 | Elf:3    | Identified the +3 chain mail of Ygute {Harm rC- Dex-5 SInv}
 36200 | Elf:3    | Identified the +6 mace of the Forgotten Invaders {freeze,
                  | Fly rElec Str+2}
 36221 | Elf:3    | Identified the ring of Talarchuh {rPois rF- Will+ Int+6
                  | Stlth+}
 36221 | Elf:3    | Identified the +0 ring mail of the Golden God {-Tele rElec
                  | Int+9} (Okawaru gifted it to you on level 3 of the Elven
                  | Halls)
 36221 | Elf:3    | Received a gift from Okawaru
 36280 | Elf:3    | Identified the ring "Mohy" {*Corrode rElec rPois Will++
                  | Str+3}
 36280 | Elf:3    | Identified the ring "Neexamol" {Fire Str+2}
 36281 | Elf:3    | Identified the +0 longbow of Rym Geir {freeze, Fly rF+
                  | Dex+6}
 36282 | Elf:3    | Identified the +7 spear of the Magi {heavy, MP+9 Int+4
                  | Dex+3}
 36282 | Elf:3    | Identified the amulet of Tuleischa {Acrobat Contam rN+
                  | Dex+4}
 36381 | Elf:3    | Found the +10 tower shield of Ignorance {rN+ Int-4}
 36404 | Elf:3    | Got Qaphay's Essays on the Twisted Serac
 36405 | Elf:3    | Identified the staff of poison "Buoghigh" {rPois Str+2}
 36566 | Elf:3    | Found Xeur Box's Book Boutique.
 36628 | Elf:3    | Found Qih Ures's General Store.
 37105 | Depths:1 | Found a gateway to Hell.
 37420 | Depths:1 | Identified the +0 chain mail "Yfoptopp" {MP-9 Str+8 Int+2}
 37431 | Depths:1 | Noticed a caustic shrike
 37431 | Depths:1 | Noticed a caustic shrike
 37431 | Depths:1 | Noticed a caustic shrike
 37699 | Depths:1 | Gained mutation: Armour fits poorly on your strangely
                  | shaped body. [a shining eye]
 37702 | Depths:1 | Found a one-way gateway to a ziggurat.
 37707 | Depths:1 | Gained mutation: You are robust. (+10% HP) [a shining eye]
 37723 | Depths:1 | Received a gift from Okawaru
 37758 | Depths:1 | Reached XP level 21. HP: 160/160 MP: 28/28
 37784 | Depths:1 | Received a gift from Okawaru
 37784 | Depths:1 | Found the +4 skin of Zhor {*Englaciate rC+++ SInv}
 37806 | Depths:1 | Reached skill level 10 in Throwing
 38010 | Depths:1 | Noticed a caustic shrike
 38012 | Depths:1 | Killed a caustic shrike
 38029 | Depths:1 | Killed a caustic shrike
 38061 | Depths:1 | Killed a caustic shrike
 38139 | Depths:1 | Killed a caustic shrike
 38432 | Depths:2 | Found a one-way gate to the infinite horrors of the Abyss.
 38665 | Depths:2 | Received a gift from Okawaru
 39474 | Depths:3 | You are sucked into a shaft and drop 1 floor!
 39474 | Depths:4 | Entered Level 4 of the Depths
 39568 | Depths:4 | Identified the +0 cloak of Ladit {rPois} (Okawaru gifted it
                  | to you on level 4 of the Depths)
 39568 | Depths:4 | Received a gift from Okawaru
 39609 | Depths:4 | Found a transporter.
 39610 | Depths:4 | Noticed Janeylunn's ghost (veteran GnWn)
 39611 | Depths:4 | Found a transporter.
 39611 | Depths:4 | Identified the +4 giant club of Decaying Purpose {flame,
                  | rF+ Str+3}
 39612 | Depths:4 | Identified the +8 great mace "Minkuc" {heavy, Will++ Str-5
                  | Dex+4}
 39637 | Depths:4 | Noticed a golden dragon
 39649 | Depths:4 | Killed a golden dragon
 39983 | Depths:4 | Reached XP level 22. HP: 142/168 MP: 29/29
 40182 | Depths:4 | Noticed a golden dragon
 40215 | Depths:4 | Killed a golden dragon
 40322 | Depths:4 | Noticed a caustic shrike
 40323 | Depths:4 | Noticed a caustic shrike
 40323 | Depths:4 | Noticed a caustic shrike
 40342 | Depths:4 | Killed a caustic shrike
 40352 | Depths:4 | Killed a caustic shrike
 40367 | Depths:4 | Killed a caustic shrike
 41374 | Depths:3 | Noticed a caustic shrike
 41391 | Depths:3 | Received a gift from Okawaru
 41408 | Depths:3 | Killed a caustic shrike
 41579 | Depths:3 | Noticed a golden dragon
 41590 | Depths:3 | Killed a golden dragon
 41641 | Depths:3 | Noticed a golden dragon
 41649 | Depths:3 | Killed a golden dragon
 41659 | Depths:3 | Noticed a golden dragon
 41672 | Depths:3 | Killed a golden dragon
 42582 | Depths:4 | Identified the +2 pair of boots of the Tick {Will++}
                  | (Okawaru gifted it to you on level 4 of the Depths)
 42582 | Depths:4 | Received a gift from Okawaru
 42652 | Depths:4 | Identified the +3 arbalest of Eminis {freeze, rF+ SInv}
 42686 | Depths:4 | Found a gate to the Realm of Zot.
 43030 | Slime:1  | Entered Level 1 of the Pits of Slime
 43264 | Slime:2  | Gained mutation: You are weak. (Str -2) [a shining eye]
 43442 | Slime:1  | Reached XP level 23. HP: 177/177 MP: 30/30
 43636 | Slime:2  | Gained mutation: Your magical capacity is low. (-10% MP) [a
                  | shining eye]
 43638 | Slime:2  | Gained mutation: Your magical capacity is very low. (-20%
                  | MP) [a shining eye]
 43641 | Slime:2  | Gained mutation: Your magical capacity is extremely low.
                  | (-30% MP) [a shining eye]
 43644 | Slime:2  | Gained mutation: You occasionally lose the ability to drink
                  | potions when taking damage. [a shining eye]
 43699 | Slime:5  | Entered Level 5 of the Pits of Slime
 43759 | Slime:5  | Found a viscous altar of Jiyva.
 43760 | Slime:5  | Noticed the Royal Jelly
 43772 | Slime:5  | Killed the Royal Jelly
 43850 | Slime:5  | Received a gift from Okawaru
 43901 | Slime:5  | Identified the ring of Efittuva {+Blink rElec Will- MP+9
                  | Int+6}
 43930 | Slime:5  | Got a slimy rune of Zot
 44007 | Slime:5  | Identified the +2 pair of gloves of Hide-and-Seek {-Tele
                  | rElec Str+3}
 44174 | Lair:4   | Lost mutation: Your magical capacity is extremely low.
                  | (-30% MP) [potion of mutation]
 44174 | Lair:4   | Lost mutation: Your magical capacity is very low. (-20% MP)
                  | [potion of mutation]
 44174 | Lair:4   | Lost mutation: Your magical capacity is low. (-10% MP)
                  | [potion of mutation]
 44175 | Lair:4   | Lost mutation: Armour fits poorly on your strangely shaped
                  | body. [potion of mutation]
 44175 | Lair:4   | Lost mutation: You are robust. (+10% HP) [potion of
                  | mutation]
 44175 | Lair:4   | Gained mutation: You are dopey. (Int -2) [potion of
                  | mutation]
 44175 | Lair:4   | Gained mutation: You are strong-willed. (Will+) [potion of
                  | mutation]
 44176 | Lair:4   | Lost mutation: You are strong-willed. (Will+) [potion of
                  | mutation]
 44176 | Lair:4   | Lost mutation: You occasionally lose the ability to drink
                  | potions when taking damage. [potion of mutation]
 44176 | Lair:4   | Gained mutation: You expend magic power (3 MP) to
                  | strengthen your wands. [potion of mutation]
 44361 | Vaults:1 | Entered Level 1 of the Vaults
 44522 | Vaults:1 | Received a gift from Okawaru
 45582 | Vaults:2 | Received a gift from Okawaru
 45922 | Vaults:2 | Received a gift from Okawaru
 46366 | Vaults:2 | Received a gift from Okawaru
 46697 | Vaults:3 | Identified the +4 ring mail "Daomarchaad" {rCorr} (Okawaru
                  | gifted it to you on level 3 of the Vaults)
 46697 | Vaults:3 | Received a gift from Okawaru
 46698 | Vaults:3 | Reached XP level 24. HP: 164/170 MP: 30/30
 47100 | Vaults:3 | Found a staircase to the Crypt.
 47395 | Vaults:3 | Noticed Zuaro's ghost (veteran BaHu)
 47396 | Vaults:3 | Found a runed translucent gate.
 47396 | Vaults:3 | Found a runed translucent gate.
 47396 | Vaults:3 | Found a runed translucent gate.
 47396 | Vaults:3 | Noticed an ancient lich
 47547 | Vaults:3 | Noticed Zenata
 47552 | Arena    | Entered the Arena
 47570 | Arena    | Killed Zenata
 47683 | Vaults:3 | Found Tiluul's Weapon Shoppe.
 48049 | Vaults:3 | Identified the ring "Ylub" {Fly rElec rCorr SInv}
 48133 | Vaults:4 | Found a crumbling gateway.
 48143 | Desolati | Entered the Desolation of Salt
 48287 | Desolati | Identified the amulet "Jokys" {RegenMP rN+ Regen+ Int-3}
 48383 | Desolati | Got the Elucidation of Evolving Lava
 48384 | Desolati | Identified the +12 rapier of the Maze {holy, rC+ Dex+2}
 48486 | Desolati | Got the Papyrus of Charming Blasts
 48487 | Desolati | Identified the amulet "Soxukes" {Spirit rF+}
 48497 | Desolati | Identified the +2 robe "Ceats" {rElec rF+ Will+ Stlth+}
 48632 | Desolati | HP: 8/172 [ragged hierophant/a resonance strike (30)]
 48824 | Vaults:4 | Received a gift from Okawaru
 49651 | Vaults:4 | Acquired 685 gold pieces
 49906 | Vaults:4 | Received a gift from Okawaru
 50111 | D:10     | Bought a scroll of acquirement for 780 gold pieces
 50111 | D:10     | Acquired 1257 gold pieces
 50353 | D:1      | Bought a scroll of fear for 48 gold pieces
 50355 | D:1      | Bought a scroll of enchant weapon for 90 gold pieces
 50366 | D:1      | Bought a potion of might for 48 gold pieces
 50431 | D:1      | Bought a potion of cancellation for 80 gold pieces
 50431 | D:1      | Bought a potion of invisibility for 80 gold pieces
 50431 | D:1      | Bought 2 potions of might for 80 gold pieces
 50465 | D:1      | Bought 2 potions of cancellation for 160 gold pieces
 50465 | D:1      | Bought 2 potions of mutation for 160 gold pieces
 50465 | D:1      | Bought a potion of resistance for 100 gold pieces
 50465 | D:1      | Bought a potion of resistance for 100 gold pieces
 50683 | Orc:1    | Bought a potion of mutation for 96 gold pieces
 50683 | Orc:1    | Bought 2 potions of might for 96 gold pieces
 50683 | Orc:1    | Bought a potion of haste for 120 gold pieces
 50720 | Orc:2    | Bought a potion of haste for 150 gold pieces
 50720 | Orc:2    | Bought a potion of mutation for 120 gold pieces
 50720 | Orc:2    | Bought a potion of haste for 150 gold pieces
 50877 | Elf:3    | Bought a potion of mutation for 88 gold pieces
 51569 | Vaults:5 | Entered Level 5 of the Vaults
 51626 | Vaults:5 | Noticed an ancient lich
 51664 | Vaults:5 | Killed an ancient lich
 51665 | Vaults:5 | Reached XP level 25. HP: 163/182 MP: 30/30
 51672 | Vaults:5 | Got Lehudib's Elucidation of the Volley and Geomancy
 51718 | Vaults:5 | Identified the +1 pair of boots "Zazxois" {Rampage}
                  | (Okawaru gifted it to you on level 5 of the Vaults)
 51718 | Vaults:5 | Received a gift from Okawaru
 51842 | Vaults:5 | Identified the +3 scimitar of Untruth {antimagic, Int+3}
 52434 | Vaults:5 | Noticed a dread lich
 52466 | Vaults:5 | Killed a dread lich
 52466 | Vaults:5 | Received a gift from Okawaru
 52473 | Vaults:5 | Reached skill level 27 in Fighting
 52572 | Vaults:5 | Identified the staff of poison "Ypneroes" {rPois rN+ Dex-3
                  | Stlth+}
 52594 | Vaults:5 | Identified the +1 great mace of Ocvuakh {freeze, Will+
                  | Str-3 Int+3}
 52748 | Vaults:5 | Noticed a dread lich
 52943 | Vaults:5 | Received a gift from Okawaru
 52985 | Vaults:5 | Killed a dread lich
 53004 | Vaults:5 | Identified the +0 ring mail "Jeips" {Dex+4}
 53159 | Vaults:5 | Got the Treatise on the Oath and the Flock
 53337 | Vaults:5 | Got Sif Muna's Spellbook of Virous Peregrination
 53375 | Vaults:5 | Received a gift from Okawaru
 53466 | Vaults:5 | Got a silver rune of Zot
 53469 | Vaults:5 | Got the Precepts of Forms and the Curse
 53480 | Vaults:5 | Identified the +1 chain mail of Bitterness {rElec rC++
                  | Str-2 SInv}
 53985 | D:4      | Fell from the grace of Okawaru
 53985 | D:4      | Became a worshipper of the Shining One
 53985 | D:4      | Was placed under penance by the Shining One
 54000 | D:4      | Fell from the grace of the Shining One
 54011 | D:4      | Became a worshipper of the Shining One
 54011 | D:4      | Was placed under penance by the Shining One
 54388 | Crypt:1  | Entered Level 1 of the Crypt
 54403 | Crypt:1  | Reached XP level 26. HP: 188/193 MP: 32/32
 54419 | Crypt:1  | Was forgiven by the Shining One
 54712 | Crypt:1  | Reached * piety under the Shining One
 54994 | Crypt:1  | Found a basalt altar of Yredelemnul.
 55243 | Crypt:2  | Reached ** piety under the Shining One
 55285 | Crypt:2  | Found a large runed translucent door.
 55285 | Crypt:2  | Found a large runed translucent door.
 55289 | Crypt:2  | Noticed Woadakig's ghost (veteran FoFi)
 55449 | Crypt:2  | Reached *** piety under the Shining One
 55606 | Crypt:2  | Reached **** piety under the Shining One
 56235 | Crypt:3  | Entered Level 3 of the Crypt
 56327 | Crypt:3  | Found a staircase to the Tomb.
 56366 | Crypt:3  | Reached ***** piety under the Shining One
 56503 | Crypt:3  | Identified the staff of cold "Ytzaqena" {rElec rC+ Dex+2}
 56503 | Crypt:3  | Identified the ring "Wevol" {Ice rPois Str+3}
 56503 | Crypt:3  | Noticed Josephina
 56526 | Crypt:3  | Killed Josephina
 56969 | Crypt:1  | Found an ancient bone altar of Kikubaaqudgha.
 57060 | Crypt:3  | Reached ****** piety under the Shining One
 57252 | Crypt:3  | Identified a +9 sacred scourge of holy wrath (a +8 heavy
                  | demon whip blessed by the Shining One)
 57252 | Crypt:3  | Received a gift from the Shining One
 57299 | Crypt:3  | Noticed an ancient lich
 57299 | Crypt:3  | Noticed an ancient lich
 57300 | Crypt:3  | Noticed a dread lich
 57314 | Crypt:3  | Killed an ancient lich
 57323 | Crypt:3  | Killed an ancient lich
 57324 | Crypt:3  | Reached skill level 15 in Invocations
 57396 | Crypt:3  | Killed a dread lich
 57418 | Crypt:3  | Identified the amulet "Ryiryofa" {RegenMP rCorr Str+2
                  | Slay+2}
 57428 | Crypt:3  | Identified the staff of death "Uribac" {rN+ Str+2}
 58248 | Pan      | Entered Pandemonium
 58293 | Pan      | Noticed Kaytidum the pandemonium lord
 59679 | Pan      | Gained mutation: Your body sometimes deteriorates upon
                  | taking damage. [a neqoxec]
 60820 | Pan      | Killed Kaytidum the pandemonium lord
 60821 | Pan      | Reached XP level 27. HP: 199/199 MP: 35/36
 60832 | Pan      | Got a demonic rune of Zot
 60834 | Pan      | Identified the staff of air "Joke" {rElec rPois Dex+2}
 60857 | Pan      | Gained mutation: Your skin changes colour to match your
                  | surroundings (Stealth+). [a cacodemon]
 60858 | Pan      | Entered the realm of Mnoleg.
 60858 | Pan      | Noticed Mnoleg
 60862 | Pan      | Gained mutation: You are very weak. (Str -4) [a cacodemon]
 60866 | Pan      | Paralysed by a floating eye for 4 turns
 60869 | Pan      | Gained mutation: You sometimes lose your temper in combat.
                  | [a neqoxec]
 60877 | Pan      | Gained mutation: You are vulnerable to cold. (rC-) [a
                  | shining eye]
 60877 | Pan      | Gained mutation: You are clumsy. (Dex -2) [a shining eye]
 60877 | Pan      | Paralysed by a floating eye for 3 turns
 60882 | Pan      | Gained mutation: You have an uncontrollable temper. [a
                  | shining eye]
 60883 | Pan      | Killed Mnoleg
 60884 | Pan      | Gained mutation: You occasionally shout uncontrollably at
                  | your foes. [a cacodemon]
 60892 | Pan      | Gained mutation: Armour fits poorly on your strangely
                  | shaped body. [a cacodemon]
 60896 | Pan      | Gained mutation: You are very vulnerable to cold. (rC--) [a
                  | cacodemon]
 60971 | Pan      | Gained mutation: You occasionally lose the ability to read
                  | scrolls when taking damage. [a neqoxec]
 60976 | Pan      | Gained mutation: You are very clumsy. (Dex -4) [a neqoxec]
 61417 | Pan      | Lost mutation: You occasionally lose the ability to read
                  | scrolls when taking damage. [potion of mutation]
 61417 | Pan      | Lost mutation: You occasionally shout uncontrollably at
                  | your foes. [potion of mutation]
 61417 | Pan      | Lost mutation: Your body sometimes deteriorates upon taking
                  | damage. [potion of mutation]
 61417 | Pan      | Gained mutation: Your movements are slightly less
                  | encumbered by armour. (ER -2) [potion of mutation]
 61418 | Pan      | Lost mutation: You are very weak. (Str -4) [potion of
                  | mutation]
 61418 | Pan      | Lost mutation: Your movements are slightly less encumbered
                  | by armour. (ER -2) [potion of mutation]
 61418 | Pan      | Lost mutation: Your skin changes colour to match your
                  | surroundings (Stealth+). [potion of mutation]
 61418 | Pan      | Lost mutation: You are dopey. (Int -2) [potion of mutation]
 61419 | Pan      | Lost mutation: Armour fits poorly on your strangely shaped
                  | body. [potion of mutation]
 61419 | Pan      | Lost mutation: You expend magic power (3 MP) to strengthen
                  | your wands. [potion of mutation]
 61419 | Pan      | Lost mutation: You have an uncontrollable temper. [potion
                  | of mutation]
 61420 | Pan      | Lost mutation: You are weak. (Str -2) [potion of mutation]
 61420 | Pan      | Lost mutation: You are very vulnerable to cold. (rC--)
                  | [potion of mutation]
 61420 | Pan      | Lost mutation: You are very clumsy. (Dex -4) [potion of
                  | mutation]
 61420 | Pan      | Gained mutation: You expend magic power (3 MP) to
                  | strengthen your wands. [potion of mutation]
 61420 | Pan      | Gained mutation: You have a pair of small horns on your
                  | head. [potion of mutation]
 61421 | Pan      | Lost mutation: You expend magic power (3 MP) to strengthen
                  | your wands. [potion of mutation]
 61421 | Pan      | Lost mutation: You sometimes lose your temper in combat.
                  | [potion of mutation]
 61421 | Pan      | Gained mutation: You occasionally lose the ability to read
                  | scrolls when taking damage. [potion of mutation]
 61422 | Pan      | Lost mutation: You have a pair of small horns on your head.
                  | [potion of mutation]
 61422 | Pan      | Lost mutation: You occasionally lose the ability to read
                  | scrolls when taking damage. [potion of mutation]
 61422 | Pan      | Gained mutation: A frigid envelope surrounds you and
                  | freezes all who hurt you. [potion of mutation]
 61422 | Pan      | Gained mutation: You have a pair of small antennae on your
                  | head. [potion of mutation]
 61422 | Pan      | Gained mutation: You sometimes lose your temper in combat.
                  | [potion of mutation]
 61422 | Pan      | Gained mutation: You passively dampen the noise of your
                  | surroundings. [potion of mutation]
 61423 | Pan      | Lost mutation: You are vulnerable to cold. (rC-) [potion of
                  | mutation]
 61423 | Pan      | Lost mutation: A frigid envelope surrounds you and freezes
                  | all who hurt you. [potion of mutation]
 61423 | Pan      | Gained mutation: Your skin changes colour to match your
                  | surroundings (Stealth+). [potion of mutation]
 61424 | Pan      | Lost mutation: You are clumsy. (Dex -2) [potion of
                  | mutation]
 61424 | Pan      | Lost mutation: You sometimes lose your temper in combat.
                  | [potion of mutation]
 61424 | Pan      | Lost mutation: You passively dampen the noise of your
                  | surroundings. [potion of mutation]
 61424 | Pan      | Gained mutation: Your muscles are strong. (Str +4, Int/Dex
                  | -1) [potion of mutation]
 61424 | Pan      | Gained mutation: You do not regenerate when monsters are
                  | visible. [potion of mutation]
 61424 | Pan      | Gained mutation: You expend magic power (3 MP) to
                  | strengthen your wands. [potion of mutation]
 61425 | Pan      | Lost mutation: You expend magic power (3 MP) to strengthen
                  | your wands. [potion of mutation]
 61425 | Pan      | Lost mutation: Your skin changes colour to match your
                  | surroundings (Stealth+). [potion of mutation]
 61425 | Pan      | Lost mutation: Your muscles are strong. (Str +4, Int/Dex
                  | -1) [potion of mutation]
 61425 | Pan      | Gained mutation: Your movements are slightly less
                  | encumbered by armour. (ER -2) [potion of mutation]
 61425 | Pan      | Gained mutation: You possess an exceptional clarity of
                  | mind. [potion of mutation]
 61461 | Pan      | Gained mutation: You are dopey. (Int -2) [a cacodemon]
 61623 | Pan      | Lost mutation: You possess an exceptional clarity of mind.
                  | [a cacodemon]
 62157 | Pan      | Gained mutation: Your body sometimes deteriorates upon
                  | taking damage. [a neqoxec]
 62235 | Pan      | Gained mutation: You have hidden genetic defects. [a
                  | cacodemon]
 62401 | Pan      | Gained mutation: You are frail. (-10% HP) [a cacodemon]
 62409 | Pan      | Gained mutation: Your body often deteriorates upon taking
                  | damage. [a cacodemon]
 62468 | Pan      | Gained mutation: You occasionally lose the ability to read
                  | scrolls when taking damage. [a neqoxec]
 62469 | Pan      | Gained mutation: Your magical capacity is low. (-10% MP) [a
                  | neqoxec]
 62531 | Pan      | Was forgiven by Okawaru
 62570 | Pan      | Lost mutation: You do not regenerate when monsters are
                  | visible. [a cacodemon]
 62814 | Pan      | Gained mutation: You are weak. (Str -2) [a neqoxec]
 63073 | Pan      | Gained mutation: Your spells are a little easier to cast,
                  | but a little less powerful. [a neqoxec]
 63078 | Pan      | Gained mutation: You are clumsy. (Dex -2) [a neqoxec]
 63085 | Pan      | Gained mutation: You are very weak. (Str -4) [a cacodemon]
 63087 | Pan      | Gained mutation: Your magical capacity is very low. (-20%
                  | MP) [a cacodemon]
 63356 | Pan      | Identified the staff of poison "Leziz" {*Slow +Blink rElec
                  | rPois Dex+3}
 63412 | Pan      | Got a glowing rune of Zot
 63621 | Pan      | Gained mutation: You sometimes lose the ability to read
                  | scrolls when taking damage. [hidden defects]
 63628 | Pan      | Noticed Mennas
 63642 | Pan      | Gained mutation: Your spells are easier to cast, but less
                  | powerful. [a cacodemon]
 63647 | Pan      | Killed Mennas
 63648 | Pan      | Gained mutation: Armour fits poorly on your strangely
                  | shaped body. [a cacodemon]
 63791 | Pan      | Found an exit through the horrors of the Abyss.
 63838 | Pan      | Noticed Ahidujod the pandemonium lord
 63867 | Abyss:5  | Cast into level 5 of the Abyss (Ahidujod)
 63898 | Abyss:5  | Lost mutation: Armour fits poorly on your strangely shaped
                  | body. [potion of mutation]
 63898 | Abyss:5  | Lost mutation: Your spells are easier to cast, but less
                  | powerful. [potion of mutation]
 63898 | Abyss:5  | Lost mutation: Your magical capacity is very low. (-20% MP)
                  | [potion of mutation]
 63898 | Abyss:5  | Gained mutation: You are partially covered in iridescent
                  | scales. (AC +2) [potion of mutation]
 63899 | Abyss:5  | Lost mutation: You sometimes lose the ability to read
                  | scrolls when taking damage. [potion of mutation]
 63899 | Abyss:5  | Lost mutation: You have hidden genetic defects. [potion of
                  | mutation]
 63899 | Abyss:5  | Lost mutation: You are partially covered in iridescent
                  | scales. (AC +2) [potion of mutation]
 63900 | Abyss:5  | Lost mutation: You are dopey. (Int -2) [potion of mutation]
 63900 | Abyss:5  | Lost mutation: Your magical capacity is low. (-10% MP)
                  | [potion of mutation]
 63900 | Abyss:5  | Lost mutation: You are very weak. (Str -4) [potion of
                  | mutation]
 63901 | Abyss:5  | Lost mutation: You are clumsy. (Dex -2) [potion of
                  | mutation]
 63901 | Abyss:5  | Lost mutation: You are weak. (Str -2) [potion of mutation]
 63901 | Abyss:5  | Lost mutation: Your spells are a little easier to cast, but
                  | a little less powerful. [potion of mutation]
 63901 | Abyss:5  | Gained mutation: You have hidden genetic potential. [potion
                  | of mutation]
 63901 | Abyss:5  | Gained mutation: Your muscles are strong. (Str +4, Int/Dex
                  | -1) [potion of mutation]
 63902 | Abyss:5  | Lost mutation: Your movements are slightly less encumbered
                  | by armour. (ER -2) [potion of mutation]
 63902 | Abyss:5  | Lost mutation: You occasionally lose the ability to read
                  | scrolls when taking damage. [potion of mutation]
 63902 | Abyss:5  | Lost mutation: You are frail. (-10% HP) [potion of
                  | mutation]
 63902 | Abyss:5  | Gained mutation: Your magical capacity is low. (-10% MP)
                  | [potion of mutation]
 63902 | Abyss:5  | Lost mutation: Your magical capacity is low. (-10% MP)
                  | [potion of mutation]
 63902 | Abyss:5  | Gained mutation: You are covered in fur. (AC +1) [potion of
                  | mutation]
 63902 | Abyss:5  | Gained mutation: Your mind is acute. (Int +4, Str/Dex -1)
                  | [potion of mutation]
 64190 | Pan      | Escaped the Abyss
 64206 | Pan      | Killed Ahidujod the pandemonium lord
 64414 | Pan      | Entered the realm of Cerebov.
 64879 | Pan      | Found the +6 sword of Cerebov {flame}
 64879 | Pan      | Noticed Cerebov
 65831 | Pan      | Identified the +2 robe "Ominkuesk" {Dex+6}
 65833 | Pan      | Got the Compilation of Accelerants
 65837 | Pan      | Identified the staff of fire "Nenoaq" {rElec rF+}
 65857 | Pan      | Killed Cerebov
 65866 | Pan      | Got the Compendium of Mud
 65893 | Pan      | Got a fiery rune of Zot
 66265 | Pan      | Noticed Raeshrazim the pandemonium lord
 66302 | Pan      | Killed Raeshrazim the pandemonium lord
 66397 | Pan      | Gained mutation: You are covered in thick fur. (AC +2)
                  | [hidden potential]
 66500 | Pan      | Noticed Kinlyifoi the pandemonium lord
 66511 | Abyss:5  | Cast into level 5 of the Abyss (Kinlyifoi)
 66532 | Abyss:5  | Paralysed by accursed screaming for 2 turns
 66559 | Abyss:6  | Noticed an ancient lich
 66568 | Abyss:6  | Killed an ancient lich
 66637 | Abyss:6  | Gained mutation: You do not regenerate when monsters are
                  | visible. [a neqoxec]
 66795 | Abyss:6  | Reached skill level 27 in Invocations
 66824 | Abyss:6  | Gained mutation: You are very clumsy. (Dex -4) [a neqoxec]
 66826 | Abyss:6  | Lost mutation: Your mind is acute. (Int +4, Str/Dex -1) [a
                  | neqoxec]
 66834 | Pan      | Escaped the Abyss
 66838 | Pan      | Killed Kinlyifoi the pandemonium lord
 67368 | Pan      | Noticed Voawatty the pandemonium lord
 67386 | Pan      | Killed Voawatty the pandemonium lord
 67722 | Pan      | Entered the realm of Lom Lobon.
 67998 | Pan      | Noticed Lom Lobon
 68452 | Pan      | Found an exit through the horrors of the Abyss.
 69077 | Pan      | Killed Lom Lobon
 69083 | Pan      | Gained mutation: You are partially covered in iridescent
                  | scales. (AC +2) [hidden potential]
 69083 | Pan      | Lost mutation: You have hidden genetic potential. [hidden
                  | potential expressed]
 69126 | Pan      | Got a magical rune of Zot
 69240 | Pan      | Noticed Mynuiwnuocw the pandemonium lord
 69290 | Pan      | Killed Mynuiwnuocw the pandemonium lord
 69319 | Pan      | Entered the realm of Gloorx Vloq.
 69812 | Pan      | Reached skill level 15 in Throwing
 69838 | Pan      | Noticed Gloorx Vloq
 69948 | Pan      | Found an exit through the horrors of the Abyss.
 70658 | Pan      | Killed Gloorx Vloq
 70678 | Pan      | Got a dark rune of Zot
 70785 | Pan      | Took an exit into the Abyss.
 70785 | Abyss:6  | Escaped into the Abyss
 70835 | Abyss:6  | Paralysed by accursed screaming for 1 turns
 70851 | Abyss:6  | Found a corrupted altar of Lugonu.
 70853 | Abyss:6  | Paralysed by accursed screaming for 2 turns
 70857 | Abyss:6  | HP: 5/199 [starcursed mass/accursed screaming (15)]
 70858 | Abyss:6  | Killed from afar by a starcursed mass

Illustrated notes

Levels and vault maps discovered:
D:1:      dpeg_arrival_refuge, layout_basic, serial_shops, shop,
          nicolae_shop_tiny_glass, nicolae_shop_hallway_plus,
          nicolae_shop_hallway_stairs, shop
D:2:      layout_basic, basic_altar
D:3:      layout_basic, nzn_wu_jian_contemplation,
          shapermc_ecumenical_altar_totnotflames
D:4:      layout_rooms, zin_scriptorium, vehumet_altar_wand_db,
          marbit_many_paths, temple_hall, uniq_edmund, uniq_crazy_yiuf_cottage,
          uniq_eustachio
D:5:      layout_loops_ring, uniq_blork_the_orc, uniq_grinder
D:6:      minmay_octagon_keep, layout_loops_corners,
          mainiacjoe_overflow_chevrons, st_stairs_11, minmay_manual_monolith
D:7:      layout_basic, mainiacjoe_overflow_alcove_2, enter_bailey_3,
          nicolae_ossuary_entry_catacombs
D:8:      layout_basic, serial_shops, shop, nzn_random_ring, uniq_amaemon
D:9:      layout_long_grid, kennysheep_little_box, david_orc_3,
          uniq_prince_ribbit1, uniq_maurice
D:10:     layout_layer_cave, jmf_multi_god_temple2,
          grunt_lair_entry_orc_guard_hut, serial_shops, shop,
          corexii_hall_statues_i
D:11:     layout_rooms, serial_shops, bzr_entry_road, serial_park_tiny_1
D:12:     layout_gridville, uniq_azrael
D:13:     layout_rooms, david_vaults_4, uniq_snorg
D:14:     layout_roguey [special_room_orc], minmay_misc_feat_ornament,
          skrybe_limestone_x, uniq_nessos, uniq_louise
D:15:     gammafunk_depths_entry_grave, layout_rooms, tgw_fedhas
Temple:   cyrus_circular_temple
Lair:1:   layout_gridlike, basic_altar, beast_lair_carwin_9
Lair:2:   layout_cave_pods, swamp_mist_pool, maelrawn_ghost_gauntlet_escape
Lair:3:   layout_regular_city, guppyfry_snake_entry_garden, serial_bayou_shore_b
Lair:4:   layout_cave_pods, slime_entry_1, lemuel_fruit_fields,
          grunt_megastairs_4
Lair:5:   guppyfry_lair_end_dragon, layout_layer_cave,
          hangedman_lair_caniforms_friends, grunt_megastairs_3
Swamp:1:  layout_falls_marsh, gammafunk_ghost_wrathful_warriors,
          serial_swamp_ruin, hangedman_swamp_ruin_hall,
          evilmike_swamp_ruin_rubble_1, swamp_pool3, uniq_frances
Swamp:2:  layout_basic_swamp, evilmike_swamp_ruin_house_4, grunt_witch_cave,
          infiniplex_staircase_pool_2
Swamp:3:  nicolae_swamp_secret_spriggan_hideout, layout_basic_swamp,
          evilmike_swamp_ruin_rubble_2
Swamp:4:  swamp, layout_basic_swamp
Snake:1:  layout_misc_corridors
Snake:2:  layout_cave_town, minmay_shoptagon, uniq_donald
Snake:3:  layout_rooms, nicolae_snake_naga_rites
Snake:4:  hellmonk_snake_rune_quicksilver_temple, layout_onion_interference,
          serial_shops, nicolae_shop_back_alley_shop, uniq_mara
Slime:1:  layout_caves
Slime:2:  layout_caves, nicolae_slime_getting_an_eyeful
Slime:3:  layout_caves, cheibrodos_slime_lost_civilization_5
Slime:4:  nicolae_slime_jelly_donut, layout_caves, nicolae_slime_phagocytosis
Slime:5
Orc:1:    layout_caves, serial_shops, shop, nicolae_shop_stone,
          nicolae_shop_hallway_plus, shop, nicolae_shop_statue_plus,
          nicolae_alphabet_shops
Orc:2:    pf_orc_diabolical, layout_diamond_mine, basic_altar, serial_shops,
          shop, portal_ice_cave_entry_pillars_2
Elf:1:    eino_elf_arrival_the_gate, layout_loops_corners,
          kennysheep_underground_church, minivault_20, uniq_nikola
Elf:2:    elven_hall_of_blades_hangedman_original
          [nicolae_blade_entry_crossed_weapons], layout_geoelf_grid
Elf:3:    minmay_elf_hall_statues, layout_geoelf_diagonals, serial_shops,
          nicolae_square_shop, nicolae_shop_back_alley_shop,
          nicolae_square_shop, nicolae_shop_tiny_real_fake_doors, shop,
          grunt_megastairs_2
Vaults:1: ontoclasm_vaults_fire_temple, hangedman_vaults_variations,
          nicolae_vaults_ellipses_ellipsis, hangedman_vaults_unwind,
          nicolae_vaults_offset_grid_hallway_3, v_misc_14,
          nicolae_vaults_alarming, nicolae_vaults_network_quinsquares
          [nicolae_vaults_network_quincunx_subvault,
          nicolae_vaults_network_quincunx_subvault,
          nicolae_vaults_network_quincunx_subvault,
          nicolae_vaults_network_quincunx_subvault], v_misc_12,
          nicolae_vaults_ring_of_whatevers, nicolae_vaults_house_2,
          layout_vaults_omnicross
Vaults:2: v_misc_5, v_misc_11, ontoclasm_vaults_gateway,
          nicolae_vaults_sightless_eye, nicolae_vaults_stepped_doors,
          nicolae_vaults_know_your_exits, nicolae_vaults_network_barrier,
          v_misc_13, dpeg_vaults_monster_box, ontoclasm_vaults_ring_small,
          layout_vaults_omnibox
Vaults:3: gammafunk_ghost_split, v_rooms_2, nicolae_vaults_wine_cellar,
          nicolae_vaults_cochlea, minmay_crypt_entry_simple_round,
          nicolae_vaults_little_squares_6, nicolae_vaults_tangram_2,
          nicolae_vaults_taking_the_gang_shopping, v_pattern_2, v_misc_28,
          nicolae_vaults_theta, nicolae_vaults_tetromino_L_2,
          nicolae_vaults_sesquioval_fish, layout_vaults_omnigrid, uniq_zenata
Vaults:4: portal_desolation_entry_garden, nicolae_vaults_hallways_thing,
          nicolae_vaults_octagons, v_misc_14, nicolae_vaults_network_s,
          ontoclasm_vaults_tryst, nicolae_vaults_octothorpe, v_misc_15,
          v_misc_33, nicolae_vaults_little_squares_4, grunt_vaults_diagonal,
          ontoclasm_vaults_shuriken, nicolae_vaults_double_plus_1, v_misc_11,
          layout_vaults_maze_bifur, serial_shops, bzr_entry_customers
Vaults:5
Crypt:1:  layout_misc_corridors, basic_altar, lemuel_upstairs_altar
Crypt:2:  layout_misc_corridors, ebering_ghost_disaster_area,
          roderic_lattice_octagonal_star
Crypt:3:  david_glass_crypt, layout_misc_corridors, uniq_josephina
Depths:1: layout_roguey [special_room_jelly], enter_ziggurat_f,
          hangedman_decor_lopped, nicolae_hell_entry_hellmouth_sunbeams,
          lightli_enter_wizlab_magi_temple, grunt_potential,
          serial_bayou_shore_a
Depths:2: cheibrodos_quadrivalence, layout_gridlike, glass_columns_b,
          abyss_entry, hell_entry, special_room [special_room_mythical_zoo],
          pan_entry
Depths:3: cell_vault, layout_gridlike, hell_entry, abyss_entry,
          minmay_door_square
Depths:4: grunt_bruiser_brothers, layout_basic, grunt_hell_entry_dis_grunt,
          minmay_misc_feat_tower, gammafunk_ghost_smash,
          hangedman_abyss_or_decor_lesser_grid, serial_bayou_shore_b
Abyss:6:  base: Dis:3, base: Dis:3, evilmike_abyss_exit_14,
          hangedman_abyss_overflow_altar, nicolae_abyss_rune_star_stuff,
          minivault_5, minivault_13, nicolae_abyss_rune_left_handed, base:
          Lair:3, evilmike_abyss_exit_7, guppyfry_abyss_exit_imp_island,
          evilmike_abyss_rune_elephants_shrine, evilmike_abyss_exit_8,
          evilmike_abyss_exit_16

Skill      XL: |  1  2  3  4  5  6  7  8  9 10 11 12 13 14 15 16 17 18 19 20 21 22 23 24 25 26 27 |
---------------+----------------------------------------------------------------------------------+-----
Maces & Flails | 3 4 7 12 13 15 17 18 19 21 | 21.3
Armour         | 4 5 6 8 10 13 17 20 21 22 | 22.0
Staves         | 1 3 4 6 8 9 |  9.5
Fighting       | 5 6 8 12 15 17 19 20 21 22 25 27 | 27.0
Invocations    | 6 7 10 12 18 27 | 27.0
Throwing       | 6 8 9 12 16 | 16.1
Evocations     | 6 10 14 | 14.8
Shields        | 5 10 11 14 16 18 19 21 22 | 22.0

Action                     |  1- 3 |  4- 6 |  7- 9 | 10-12 | 13-15 | 16-18 | 19-21 | 22-24 | 25-27 || total
---------------------------+-------+-------+-------+-------+-------+-------+-------+-------+-------++-------
  Melee: Flail             |   126 |    39 |       |       |       |       |       |       |       ||   165
         Quarterstaff      |       |    59 |   145 |   837 |   800 |       |       |       |       ||  1841
         Morningstar       |       |       |       |       |   580 |  1536 |  1653 |  2675 |   850 ||  7294
         Eveningstar       |       |       |       |       |       |       |       |       |   557 ||   557
         Sacred scourge    |       |       |       |       |       |       |       |       |  2609 ||  2609
  Throw: Boomerang         |       |       |       |       |    31 |     2 |     6 |       |       ||    39
         Javelin           |       |       |       |       |       |       |    43 |     4 |    43 ||    90
 Invoke: Heroism           |       |       |       |     5 |     7 |     8 |     3 |     6 |     1 ||    30
         Finesse           |       |       |       |       |     1 |     2 |     2 |     1 |     1 ||     7
         Duel              |       |       |       |       |       |       |       |     1 |       ||     1
         Cleansing Flame   |       |       |       |       |       |       |       |       |    39 ||    39
         Divine Shield     |       |       |       |       |       |       |       |       |     3 ||     3
         Brand Weapon With |       |       |       |       |       |       |       |       |     1 ||     1
         Summon Divine War |       |       |       |       |       |       |       |       |     6 ||     6
  Evoke: Wand              |       |       |       |     2 |       |       |       |     1 |    13 ||    16
         Tin of tremorston |       |       |       |       |       |       |     2 |     3 |     4 ||     9
    Use: Scroll            |     3 |     3 |     4 |    19 |       |     1 |    17 |    11 |    15 ||    73
         Potion            |       |     1 |       |     1 |     2 |       |     1 |    11 |    27 ||    43
   Stab: Confused          |       |       |       |       |       |     3 |       |       |       ||     3
 Armour: Scale mail        |    36 |       |       |       |       |       |       |       |       ||    36
         Chain mail        |    55 |    83 |    62 |   478 |   722 |       |       |       |       ||  1400
         Crystal plate arm |       |       |       |       |    40 |   968 |   808 |  1365 |  1916 ||  5097
         Ice dragon scales |       |       |       |       |    37 |       |       |       |       ||    37
  Dodge: Dodged            |    61 |    51 |    59 |   318 |   453 |   220 |   197 |   322 |   462 ||  2143
  Block: Buckler           |    33 |     8 |       |       |    76 |       |       |       |       ||   117
         Other             |       |       |       |       |   131 |       |       |       |       ||   131
         Reflection        |       |       |       |       |    54 |   111 |    64 |   103 |   125 ||   457
         Kite shield       |       |       |       |       |   422 |  1887 |   231 |       |       ||  2540
         Tower shield      |       |       |       |       |       |       |  1791 |  3295 |  4328 ||  9414
